 Dungeon Crawl Stone Soup version 0.27-a0-124-g19cb506db8 (webtiles) character file.

Game seed: 18037188805990196310

789 shakesphere1979 the Skirmisher (level 7, -2/58 HPs)
             Began as a Demonspawn Monk on Jan 25, 2021.
             Was an Initiate of Gozag.
             Slain by a gnoll
             ... wielding a +0 spear
              (9 damage)
             ... on level 5 of the Dungeon.
             The game lasted 00:14:41 (5546 turns).

shakesphere1979 the Skirmisher (Demonspawn Monk)    Turns: 5546, Time: 00:14:41

Health: -2/58      AC:  8    Str: 13    XL:     7   Next: 56%
Magic:  2/2        EV: 15    Int: 11    God:    Gozag
Gold:   461        SH:  0    Dex: 16    Spells: 6/6 levels left

rFire    . . .     SeeInvis .   q - +2 scythe (antimagic)
rCold    . . .     Faith    .   (shield currently unavailable)
rNeg     . . .     Spirit   .   b - +0 robe
rPois    .         Reflect  .   (no helmet)
rElec    .         Harm     .   u - +0 cloak
rCorr    .         Rampage  .   G - +1 pair of gloves
Will     .....                  (no boots)
Stlth    +++.......             (no amulet)
HPRegen  0.19/turn              (no ring)
MPRegen  0.08/turn              (no ring)

@: slowed, very slow
A: icy blue scales 2, foul stench 1, spiny 1, miasma immunity
a: Renounce Religion, Potion Petition, Call Merchant, Bribe Branch


You were on level 5 of the Dungeon.
You worshipped Gozag.
Gozag was aware of your devotion.
You visited 2 branches of the dungeon, and saw 6 of its levels.

You collected 461 gold pieces.

Inventory:

Hand Weapons
 a - a +0 spear
 q - a +2 antimagic scythe (weapon)
Missiles
 c - 175 stones (quivered)
 d - 8 poisoned darts
 g - 141 arrows
 w - 42 bolts
 z - 7 curare-tipped darts
 E - 12 javelins
Armour
 b - a +0 robe (worn)
 h - a +0 buckler
 u - a +0 cloak (worn)
 G - a +1 pair of gloves (worn)
Jewellery
 s - an uncursed ring of fire
 A - an uncursed ring of positive energy
Wands
 n - a wand of flame (16)
 C - a wand of mindburst (19)
Scrolls
 e - a scroll of remove curse
 l - a scroll of enchant weapon {unknown}
 o - 3 scrolls of identify
 p - a scroll of blinking
 r - a scroll of amnesia
 x - a scroll of teleportation {unknown}
 y - a scroll of enchant armour {unknown}
 D - a scroll of immolation {unknown}
Potions
 f - a potion of heal wounds {unknown}
 i - a potion of haste {unknown}
 j - 5 potions of brilliance
 k - 3 potions of ambrosia
 m - 3 potions of curing
 t - a potion of resistance {unknown}
 v - a potion of berserk rage {unknown}
 B - a potion of degeneration {unknown}
 F - a potion of mutation {unknown}


   Skills:
 + Level 6.2 Fighting
 - Level 2.6 Polearms
 + Level 1.1 Armour
 - Level 5.0 Dodging
 + Level 4.3 Stealth
 + Level 1.2 Evocations


You had 6 spell levels left.
You didn't know any spells.
Your spell library contained the following spells:

 Spells                   Type           Power        Failure   Level
 Foxfire                  Conj/Fire      0%           34%         1
 Conjure Flame            Conj/Fire      0%           71%         3
 Inner Flame              Hex/Fire       0%           71%         3
 Sticky Flame             Conj/Fire      0%           98%         4
 Fireball                 Conj/Fire      0%           100%        5


Dungeon Overview and Level Annotations

Branches:
Dungeon (5/15)             Temple (1/1) D:4

Altars:
Cheibriados
Dithmenos
Elyvilon
Fedhas
Gozag
Hepliaklqana
Kikubaaqudgha
Makhleb
Nemelex Xobeh
Okawaru
Qazlal
Ru
Sif Muna
Trog
Uskayaw
Vehumet
Wu Jian
Xom
Zin


Innate Abilities, Weirdness & Mutations

You are mostly covered in icy blue scales. (AC +3)
You may emit foul miasma when damaged in melee.
You are partially covered in sharp spines.
You are immune to miasma.


Message History

The gnoll hits you from afar with a +0 halberd.
You rip the net and break free!
The gnoll is struck by your spines. The gnoll hits you with a +0 whip.
The gnoll looks sick.
The gnoll hits you with a +0 whip. The gnoll hits you but does no damage.
You hit the orc wizard.
The orc wizard's magic leaks into the air.
The orc wizard is moderately wounded.
The gnoll barely misses you. The orc wizard misses you.
The gnoll hits you from afar with a +0 spear!
The gnoll closely misses you.
The gnoll hits you from afar with a +3 vampiric spear.
The gnoll shaman is struck by your spines.
The gnoll shaman hits you with a +0 club.
* * * LOW HITPOINT WARNING * * *
The orc wizard gestures at you while chanting.
The magic dart hits you!
* * * LOW HITPOINT WARNING * * *
The gnoll hits you from afar with a +0 spear!
You die...
Your body crumbles into a pile of gold.

#.# #.# #.# #.#
#.# #.# #.# #.#
#.# #>####.##
#.# #.......#
#.#
###.###o########
#.#
#........)...#
#.#
#.##########o#
#.# #@# ##.#
#...ggg# #..#
.....ggg# #..#
##......# ##..#
######..
#...##########.#
#.#...o........#
#.##.###.#.##.##
#.##.# #...♣


You could see a gnoll shaman, an orc wizard and 5 gnolls.

Vanquished Creatures
  Sigmund (D:2)
  A centaur (D:5)
  A scorpion (D:4)
  A bullfrog skeleton (D:5)
  A hound (D:4)
  3 orc priests
  2 orc wizards (D:4)
  A centaur skeleton (D:5)
  3 worker ants (D:4)
  A hound skeleton (D:4)
  A howler monkey zombie (D:5)
  A gnoll (D:1)
  6 adders
  A white imp (D:5)
  An ufetubus (D:5)
  2 worms
  17 orcs
  6 bats
  A giant cockroach (D:2)
  5 goblins
  8 hobgoblins
  5 jackals
  2 quokkas
  2 ball pythons
  10 frilled lizards
  7 kobolds
  7 rats
97 creatures vanquished.

Vanquished Creatures (others)
  2 plants (D:3)
2 creatures vanquished.

Grand Total: 99 creatures vanquished

Notes
Turn   | Place    | Note
-------+----------+-------------------------------------------
     0 | D:1      | shakesphere1979 the Demonspawn Monk began the quest for the
                  | Orb.
     0 | D:1      | Reached XP level 1. HP: 18/18 MP: 1/1
   333 | D:1      | Gained mutation: You are partially covered in icy blue
                  | scales. (AC +2) [demonic ancestry]
   333 | D:1      | Reached XP level 2. HP: 24/24 MP: 2/2
   830 | D:2      | Found a shadowy altar of Dithmenos.
   830 | D:2      | Found a bloodstained altar of Trog.
   830 | D:2      | Found a radiant altar of Vehumet.
   830 | D:2      | Noticed Sigmund
   850 | D:1      | Reached XP level 3. HP: 19/29 MP: 3/3
  1457 | D:2      | Found a shimmering blue altar of Sif Muna.
  1534 | D:2      | Found an opulent altar of Gozag.
  2115 | D:2      | Gained mutation: You are immune to miasma. [demonic
                  | ancestry]
  2115 | D:2      | Reached XP level 4. HP: 36/37 MP: 4/4
  2245 | D:2      | Killed Sigmund
  2246 | D:2      | Reached skill level 4 in Fighting
  2246 | D:2      | Gained mutation: You may emit foul miasma when damaged in
                  | melee. [demonic ancestry]
  2246 | D:2      | Reached XP level 5. HP: 22/43 MP: 5/5
  3057 | D:3      | Found a blossoming altar of Fedhas.
  3269 | D:3      | Found a hide-covered altar of Uskayaw.
  3297 | D:3      | Gained mutation: You are mostly covered in icy blue scales.
                  | (AC +3) [demonic ancestry]
  3297 | D:3      | Reached XP level 6. HP: 45/49 MP: 2/6
  3589 | D:3      | Found a snail-covered altar of Cheibriados.
  3595 | D:3      | Found an iron altar of Okawaru.
  4053 | D:2      | Became a worshipper of Gozag Ym Sagoz the Greedy
  4270 | D:4      | Reached skill level 5 in Fighting
  4528 | D:4      | Reached skill level 5 in Dodging
  4528 | D:4      | Gained mutation: You are partially covered in sharp spines.
                  | [demonic ancestry]
  4528 | D:4      | Reached XP level 7. HP: 48/56 MP: 2/7
  4700 | D:4      | Found a staircase to the Ecumenical Temple.
  5161 | Temple   | Entered the Ecumenical Temple
  5271 | D:5      | Entered Level 5 of the Dungeon
  5280 | D:5      | Reached skill level 6 in Fighting
  5315 | D:5      | Found a shadowy altar of Dithmenos.
  5434 | D:5      | Reached skill level 1 in Evocations
  5449 | D:5      | Reached skill level 1 in Armour
  5546 | D:5      | Slain by a gnoll

Illustrated notes

Levels and vault maps discovered:
D:1:      nzn_arrival_settlement, layout_basic
D:2:      layout_loops_corners, nicolae_gozag_cash_rules_everything_around_me,
          overflow_temple_1_default, grunt_temple_overflow_open, uniq_sigmund
D:3:      layout_basic, fedhas_ov_isle_minmay,
          gammafunk_temple_overflow_forgotten
D:4:      minmay_door_path, layout_basic, minmay_temple_entry_crystal_x
D:5:      layout_loops_ring, gammafunk_ghost_smash,
          kennysheep_decorative_pillar, chequers_jeans,
          chequers_serial_rivers_large_a, nicolae_dithmenos_the_darkroom,
          uniq_pikel
Temple:   cyrus_temple_forest

Skill      XL: |  1  2  3  4  5  6  7 |
---------------+----------------------+-----
Stealth        | 2 3 4 |  4.3
Dodging        | 3 4 5 |  5.0
Fighting       | 4 5 6 |  6.2
Evocations     | 1 |  1.2
Armour         | 1 |  1.1
Polearms       | |  2.6

Action                   |  1- 3 |  4- 6 |  7- 9 || total
-------------------------+-------+-------+-------++-------
Melee: Spear             |   144 |    11 |       ||   155
       Scythe            |       |   136 |    33 ||   169
Evoke: Wand              |       |    10 |       ||    10
  Use: Scroll            |       |     2 |     5 ||     7
 Stab: Sleeping          |     5 |    10 |     3 ||    18
       Distracted        |     1 |       |       ||     1
Armor: Robe              |    27 |    46 |     6 ||    79
Dodge: Dodged            |    95 |   176 |    27 ||   298

Table legend: (Time is in decaauts)
 A = Elapsed time spent in this place.
 B = Non-inter-level travel time spent in this place.
 C = Inter-level travel time spent in this place.
 D = Time resting spent in this place.
 E = Time spent auto-exploring this place.
 F = Levels seen in this place.
 G = Mean time per level.
                   A        B        C        D        E       F      G
               +--------+--------+--------+--------+--------+-----+--------+
         Total |   5690 |   5422 |    268 |    906 |   3288 |   6 |  948.3 |
       Dungeon |   5610 |   5367 |    243 |    906 |   3234 |   5 | 1122.0 |
        Temple |     79 |     54 |     25 |      0 |     54 |   1 |   79.0 |
               +--------+--------+--------+--------+--------+-----+--------+

Top non-repeatable levels by time:
     D:3: 1542 daAuts
     D:2: 1475 daAuts
     D:1: 1189 daAuts
     D:4: 1106 daAuts
     D:5: 296 daAuts
  Temple: 79 daAuts
